 Dungeon Sprint DCSS version 0.17-a0-226-ge260c71 (webtiles) character file.

6496 BluebellGnoll the Prestidigitator (level 11, -6/71 HPs)
             Began as an Octopode Fire Elementalist on Mar 28, 2015.
             Was the Champion of Vehumet.
             Mangled by a demonic crawler (7 damage)
             ... in the Dungeon (Sprint V: "Ziggurat Sprint").
             The game lasted 00:18:32 (783 turns).

BluebellGnoll the Prestidigitator (OpFE)             Turns: 783, Time: 00:18:33

Health: -6/71      AC:  1    Str: 19    XL:     11   Next: 0%
Magic:  15/38      EV: 26    Int: 44    God:    Vehumet [******]
Gold:   0          SH:  0    Dex: 25    Spells: 7 memorised, 11 levels left

rFire  . . .     SeeInvis .     u - +6 Majin-Bo {vamp, Archmagi MP+6 Int+6}
rCold  . . .     Clarity  .     (no shield)
rNeg   + . .     SustAb   .     (helmet restricted)
rPois  .         Gourm    .     Q - amulet of resist mutation
rElec  .         Spirit   .     o - +6 ring of dexterity
rCorr  .         Warding  .     p - +6 ring of dexterity (curse)
rMut   +         NoTele   +     q - +6 ring of intelligence
MR     +....                    r - +6 ring of intelligence
Stlth  +++++.....               s - +6 ring of strength
                                t - +6 ring of strength (curse)
                                V - +5 ring of intelligence
                                T - ring of Sloth {rN+ MR+}

@: regenerating, slowed, very slow, somewhat resistant to hostile enchantments,
quite stealthy
A: almost no armour, amphibious, 8 rings, constrict 8, camouflage 1, gelatinous
body 1
a: Renounce Religion


You were in the Dungeon.
You worshipped Vehumet.
Vehumet was exalted by your worship.
You were not hungry.

You visited 1 branch

Inventory:

Hand weapons
 u - the +6 Majin-Bo (weapon) {vamp, Archmagi MP+6 Int+6}
   (You found it in the Dungeon)

   It inflicts no extra harm, but heals its wielder somewhat when it strikes a
   living foe.
   It affects your intelligence (+6).
   It affects your magic capacity (+6).
 L - a +5 lajatang
 Y - a +8 blowgun
Armour
 O - the +1 hat of the Iron Devil {rC- rN+ rCorr Int+9}
   (You found it in the Dungeon)

   It affects your intelligence (+9).
   It makes you vulnerable to cold.
   It protects you from negative energy.
   It protects you from acid and corrosion.
Magical staves
 m - an uncursed staff of energy
Jewellery
 b - an uncursed ring of fire
 o - a +6 ring of dexterity (left tentacle)
 p - a cursed +6 ring of dexterity (right tentacle)
 q - a +6 ring of intelligence (on tentacle)
 r - a +6 ring of intelligence (on tentacle)
 s - a +6 ring of strength (on tentacle)
 t - a cursed +6 ring of strength (on tentacle)
 P - an uncursed ring of protection from fire
 Q - an amulet of resist mutation (around mantle)
 T - the ring of Sloth (on tentacle) {rN+ MR+}
   (You found it in the Dungeon)

   [ring of protection from magic]

   It protects you from negative energy.
   It affects your resistance to hostile enchantments.
 V - a +5 ring of intelligence (on tentacle)
Magical devices
 a - a wand of disintegration (7)
 j - a wand of fire (5)
 k - a wand of cold (5)
 l - a wand of draining (5)
Scrolls
 i - 2 scrolls of blinking
 x - 4 scrolls of amnesia
 y - 3 scrolls of recharging
 z - 7 scrolls of fog
 A - a scroll of holy word
 B - 3 scrolls of identify
 C - 5 scrolls of remove curse
 D - 2 scrolls of fear
Potions
 d - 9 potions of curing
 e - 10 potions of heal wounds
 f - 5 potions of haste
 g - 7 potions of magic
 h - 3 potions of berserk rage
 E - 2 potions of brilliance
 F - a potion of invisibility
 G - 2 potions of restore abilities
 H - 5 potions of resistance
 J - 4 potions of agility
 K - 4 potions of might
 R - a potion of cancellation
Books
 I - the Handbook of Creative Dark Secrets
   (You found it in the Dungeon)

   Spells                             Type                      Level
   a - Regeneration                   Charms/Necromancy            3
   b - Animate Dead                   Necromancy                   4
   c - Monstrous Menagerie            Summoning                    6
   d - Summon Hydra                   Summoning                    7
 M - a Grand Grimoire This book is beyond your current level of understanding.

   Spells                             Type                      Level
   a - Aura of Abjuration             Summoning                    6
   b - Summon Greater Demon           Summoning                    7
   c - Malign Gateway                 Summoning/Translocation      7
   d - Summon Horrible Things         Summoning                    8
 Z - the Grimoire of Quantum Leap
   (You found it in the Dungeon)

   Spells                             Type                      Level
   a - Sandblast                      Earth                        1
   b - Slow                           Hexes                        2
   c - Stone Arrow                    Conjuration/Earth            3
   d - Cause Fear                     Hexes                        4
   e - Bolt of Magma                  Conjuration/Fire/Earth       5
   f - Gell's Gravitas                Hexes/Translocation          5
Miscellaneous
 n - a crystal ball of energy
 N - a lantern of shadows
 W - a box of beasts
 X - a phial of floods
Comestibles
 c - 5 bread rations
 v - 39 fruits
 w - 4 meat rations
 S - 7 chunks of flesh


   Skills:
 - Level 5.1 Fighting
 - Level 5.6 Staves
 - Level 12.9 Dodging
 - Level 4.3 Stealth
 + Level 12.7 Spellcasting
 - Level 4.8 Conjurations
 * Level 2.0 Hexes
 - Level 3.6 Charms
 - Level 8.5 Fire Magic
 - Level 13.9 Evocations


You had 11 spell levels left.
You knew the following spells:

 Your Spells              Type           Power        Failure   Level  Hunger
a - Flame Tongue          Conj/Fire      #####        1%          1    None
b - Throw Flame           Conj/Fire      ######       1%          2    None
c - Regeneration          Chrm/Necr      ######....   1%          3    None
d - Cause Fear            Hex            ######....   6%          4    None
e - Sticky Flame          Conj/Fire      #######.     1%          4    None
f - Fireball              Conj/Fire      #######...   1%          5    None
g - Bolt of Magma         Conj/Fire/Erth #######...   1%          5    None


Dungeon Overview and Level Annotations

Branches:
Dungeon (1/1)

Altars:
Ashenzari
Cheibriados
Dithmenos
Elyvilon
Fedhas
Gozag
Kikubaaqudgha
Makhleb
Nemelex Xobeh
Okawaru
Qazlal
Ru
Sif Muna
Trog
Vehumet
Xom
Yredelemnul
Zin
The Shining One
Beogh
Jiyva
Lugonu


Innate Abilities, Weirdness & Mutations

You cannot wear most types of armour.
You are amphibious.
You can wear up to eight rings at the same time.
You can use your tentacles to constrict many enemies at once.
Your skin changes colour to match your surroundings (Stealth).
Your rubbery body absorbs attacks (AC +1).


Message History

The demonic crawler completely misses you.
The demonic crawler closely misses you. x2
The demonic crawler barely misses you. The demonic crawler hits you.
The demonic crawler misses you. The demonic crawler hits you!
The demonic crawler hits you!
* * * LOW HITPOINT WARNING * * *
The demonic crawler closely misses you. The demonic crawler misses you.
Unknown command.
Read which item? (? for menu, Esc to quit)
A powerful magic prevents control of your teleportation.
Your blink will be uncontrolled - continue anyway? [Y]es or [N]o only, please.
Your blink will be uncontrolled - continue anyway?
You blink.
As you read the scroll of blinking, it crumbles to dust.
The hornet barely misses you. The demonic crawler closely misses you.
The demonic crawler hits you!
* * * LOW HITPOINT WARNING * * *
The demonic crawler hits you!
You die...

▓.........▓.....
▓.........▓.▓...
▓.........▓.....
▓▓▓▓▓▓▓▓▓▓▓▓▓▓▓▓▓▓
▓...8©8.s ▓...8©8.
▓..)=}|[. ▓...)=).
▓..[:[:s..▓...)))|
▓.........▓...).))
▓@y...w...▓....)..
▓.s.......▓.......
▓.s.......▓.......
▓....†....▓.▓.....
▓.▓.....▓.▓.......
▓.........▓▓▓▓▓▓▓▓
▓▓▓▓▓▓▓▓▓▓▓


You could see a torpor snail (fleeing), 2 demonic crawlers, a wolf spider
(fleeing), a hornet and a trapdoor spider (fleeing).

Vanquished Creatures
  A deep elf demonologist (D)
  Erica (D)
  Erolcha (D)
  A deep elf knight (D)
  2 deep elf conjurers (D)
  A spiny frog (D)
  A deep elf priest (D)
  A jumping spider (D)
  A basilisk (D)
  A flying skull (D)
  A redback (D)
  A deep elf mage (D)
  A wolf (D)
  A naga (D)
  3 water moccasins (D)
  3 orc warriors (D)
  A wasp (D)
  Duvessa (D)
  A giant frog (D)
  4 scorpions (D)
  Dowan (D)
  Crazy Yiuf (D)
  2 orc priests (D)
  2 iguanas (D)
  2 orc wizards (D)
  2 sheep (D)
  Jessica (D)
  2 mummies (D)
  3 adders (D)
  A giant mite (D)
  2 orcs (D)
  2 bat zombies (D)
  A jackal (D)
  3 ball pythons (D)
  A giant cockroach zombie (D)
  A giant gecko zombie (D)
  2 fungi (D)
57 creatures vanquished.

Vanquished Creatures (others)
  A spatial maelstrom (D)
1 creature vanquished.

Grand Total: 58 creatures vanquished

Notes
Turn   | Place    | Note
--------------------------------------------------------------
     0 | D        | BluebellGnoll, the Octopode Fire Elementalist, began the quest for the Orb.
     0 | D        | Reached XP level 1. HP: 11/11 MP: 3/3
     0 | D        | Found a viscous altar of Jiyva.
     0 | D        | Found a corrupted altar of Lugonu.
     0 | D        | Found a white marble altar of Elyvilon.
     2 | D        | Found a sparkling altar of Nemelex Xobeh.
     2 | D        | Found a burning altar of Makhleb.
     3 | D        | Found a deep blue altar of Sif Muna.
     3 | D        | Found a bloodstained altar of Trog.
     8 | D        | Found an iron altar of Okawaru.
    14 | D        | Banished a spatial maelstrom
    19 | D        | Found a radiant altar of Vehumet.
    22 | D        | Found a basalt altar of Yredelemnul.
    23 | D        | Found a shimmering altar of Xom.
    38 | D        | Became a worshipper of Vehumet
    43 | D        | Reached skill level 5 in Fighting
    43 | D        | Reached skill level 5 in Spellcasting
    43 | D        | Reached XP level 2. HP: 14/24 MP: 3/9
    47 | D        | Learned a level 2 spell: Throw Flame
   173 | D        | Entered arena 1.
   173 | D        | Noticed a giant frog
   173 | D        | Noticed an iguana
   178 | D        | Killed a giant frog
   178 | D        | Reached XP level 3. HP: 29/29 MP: 11/11
   178 | D        | Reached XP level 4. HP: 35/35 MP: 13/13
   181 | D        | Killed an iguana
   181 | D        | Reached skill level 5 in Fire Magic
   193 | D        | Learned a level 4 spell: Sticky Flame
   193 | D        | Entered arena 2.
   199 | D        | Acquired Vehumet's first power
   199 | D        | Offered knowledge of Shock by Vehumet.
   204 | D        | Entered arena 3.
   204 | D        | Noticed a water moccasin
   204 | D        | Noticed a naga
   208 | D        | Reached skill level 6 in Fire Magic
   211 | D        | Killed a water moccasin
   211 | D        | Reached skill level 8 in Fire Magic
   211 | D        | Reached XP level 5. HP: 39/39 MP: 16/16
   211 | D        | Reached XP level 6. HP: 45/45 MP: 18/18
   215 | D        | Killed a naga
   223 | D        | Identified the Handbook of Creative Dark Secrets (You found it in the Dungeon)
   232 | D        | Learned a level 5 spell: Fireball
   240 | D        | Learned a level 3 spell: Regeneration
   399 | D        | Entered arena 4.
   399 | D        | Noticed a flying skull
   400 | D        | Offered knowledge of Sandblast by Vehumet.
   400 | D        | Acquired Vehumet's second power
   400 | D        | Reached skill level 1 in Charms
   404 | D        | Killed a flying skull
   404 | D        | Reached XP level 7. HP: 43/50 MP: 18/21
   449 | D        | Entered arena 5.
   449 | D        | Noticed a scorpion
   449 | D        | Noticed a scorpion
   449 | D        | Noticed a scorpion
   449 | D        | Noticed a jumping spider
   450 | D        | Killed a scorpion
   450 | D        | Acquired Vehumet's third power
   450 | D        | Killed a scorpion
   451 | D        | Killed a jumping spider
   451 | D        | Reached skill level 5 in Staves
   453 | D        | Killed a scorpion
   453 | D        | Reached XP level 8. HP: 45/55 MP: 20/25
   504 | D        | Entered arena 6.
   504 | D        | Noticed Jessica
   504 | D        | Noticed Crazy Yiuf
   504 | D        | Noticed Dowan
   504 | D        | Noticed Duvessa
   504 | D        | Noticed Erica
   504 | D        | Noticed Erolcha
   505 | D        | Killed Crazy Yiuf
   505 | D        | Killed Duvessa
   505 | D        | Reached skill level 9 in Spellcasting
   507 | D        | Killed Dowan
   507 | D        | Killed Erolcha
   507 | D        | Reached skill level 10 in Spellcasting
   508 | D        | Killed Jessica
   509 | D        | Killed Erica
   509 | D        | Reached skill level 10 in Dodging
   509 | D        | Reached skill level 11 in Spellcasting
   509 | D        | Reached XP level 9. HP: 49/61 MP: 18/29
   592 | D        | Entered arena 7.
   592 | D        | Noticed a water moccasin
   592 | D        | Noticed a water moccasin
   593 | D        | Offered knowledge of Searing Ray by Vehumet.
   593 | D        | Killed a water moccasin
   594 | D        | Killed a water moccasin
   634 | D        | Entered arena 8.
   634 | D        | Noticed a basilisk
   634 | D        | Noticed an iguana
   634 | D        | Noticed a wolf
   634 | D        | Noticed a spiny frog
   635 | D        | Killed a wolf
   635 | D        | Killed an iguana
   635 | D        | Reached skill level 12 in Spellcasting
   636 | D        | Killed a basilisk
   639 | D        | Killed a spiny frog
   685 | D        | Entered arena 9.
   685 | D        | Noticed a deep elf conjurer
   685 | D        | Noticed a deep elf mage
   685 | D        | Noticed a deep elf knight
   685 | D        | Noticed a deep elf conjurer
   685 | D        | Noticed a deep elf priest
   685 | D        | Noticed a deep elf demonologist
   687 | D        | Killed a deep elf conjurer
   687 | D        | Reached XP level 10. HP: 61/66 MP: 25/30
   687 | D        | Killed a deep elf priest
   687 | D        | Killed a deep elf mage
   687 | D        | Killed a deep elf conjurer
   687 | D        | Reached skill level 10 in Evocations
   687 | D        | Killed a deep elf knight
   688 | D        | Killed a deep elf demonologist
   688 | D        | Reached skill level 13 in Evocations
   699 | D        | Identified the Grimoire of Quantum Leap (You found it in the Dungeon)
   721 | D        | Entered arena 10.
   721 | D        | Noticed an orc wizard
   721 | D        | Noticed an orc warrior
   721 | D        | Noticed an orc warrior
   721 | D        | Noticed an orc priest
   721 | D        | Noticed an orc warrior
   721 | D        | Noticed an orc priest
   721 | D        | Noticed an orc wizard
   722 | D        | Killed an orc warrior
   722 | D        | Killed an orc priest
   722 | D        | Killed an orc priest
   723 | D        | Killed an orc wizard
   723 | D        | Offered knowledge of Fulminant Prism by Vehumet.
   724 | D        | Killed an orc warrior
   724 | D        | Killed an orc wizard
   724 | D        | Killed an orc warrior
   742 | D        | Got the +1 hat of the Iron Devil {rC- rN+ rCorr Int+9}
   753 | D        | Got the ring of Sloth {rN+ MR+}
   757 | D        | Got a ring of the Octopus King {MP+9 AC+1 EV+1 Str+1 Int+1 Dex+1}
   770 | D        | Learned a level 5 spell: Bolt of Magma
   775 | D        | Learned a level 4 spell: Cause Fear
   776 | D        | Entered arena 11.
   776 | D        | Noticed a torpor snail
   776 | D        | Noticed a demonic crawler
   776 | D        | Noticed a scorpion
   776 | D        | Noticed a demonic crawler
   776 | D        | Noticed a redback
   776 | D        | Noticed a wolf spider
   777 | D        | Killed a scorpion
   778 | D        | Noticed a wasp
   778 | D        | Noticed a hornet
   779 | D        | Killed a redback
   779 | D        | Reached skill level 1 in Hexes
   780 | D        | Killed a wasp
   780 | D        | Reached XP level 11. HP: 59/71 MP: 17/32
   782 | D        | Noticed a trapdoor spider
   782 | D        | Noticed a trapdoor spider
   783 | D        | HP: 1/71 [demonic crawler (13)]
   783 | D        | Mangled by a demonic crawler

Action                   |  1- 3 |  4- 6 |  7- 9 | 10-12 || total
-------------------------+-------+-------+-------+-------++-------
Melee: Quarterstaff      |     2 |    14 |       |     3 ||    19
 Cast: Fireball          |       |     2 |    11 |     9 ||    22
       Regeneration      |       |     1 |     4 |     2 ||     7
       Sticky Flame      |       |     1 |     1 |       ||     2
       Flame Tongue      |       |       |     4 |       ||     4
       Cause Fear        |       |       |       |     1 ||     1
  Use: Potion            |     5 |       |     1 |       ||     6
       Scroll            |       |       |       |     4 ||     4
 Stab: Sleeping          |     1 |     7 |       |       ||     8
       Invisible         |     1 |       |       |       ||     1
  Eat: Fruit             |     2 |       |     1 |       ||     3
       Chunk             |       |     2 |       |     1 ||     3
